 Dungeon Crawl Stone Soup version 0.31-a0-1001-g770356a28f (webtiles) character file.

Game seed: 7490556203559645982

0 MacCMillion the Ruffian (level 1, 0/13 HPs)
             Began as an Octopode Shapeshifter on Nov 8, 2023.
             Slain by a ball python (2 damage)
             ... on level 1 of the Dungeon.
             The game lasted 00:00:18 (25 turns).

MacCMillion the Ruffian (Octopode Shapeshifter)       Turns: 25, Time: 00:00:19

Health: 0/13       AC:  1    Str: 13    XL:     1   Next: 10%
Magic:  1/1        EV: 10    Int: 12    God:
Gold:   17         SH:  0    Dex: 11    Spells: 0/0 levels left

rFire   . .          .
                       - Unarmed
rCold   . . .        (no shield)
rNeg    . . .        (helmet currently unavailable)
rPois   .            (no amulet)
rElec   .            (no ring)
rCorr   .            (no ring)
SInv    .            (no ring)
Will    .....        (no ring)
Stlth   ++           (no ring)
HPRegen 0.22/turn    (no ring)
MPRegen 0.07/turn    (no ring)
                     (no ring)

%: no passive effects
@: beast-form, constricted
A: beast (slay +1), almost no armour, amphibious, 8 rings, camouflage 1,
gelatinous body 1, (nimble swimmer 1), tentacles
a: Begin Untransformation


You were on level 1 of the Dungeon.
You were a hulking beast.
You visited 1 branch of the dungeon, and saw 1 of its levels.

You collected 17 gold pieces.

Inventory:

Talismans
 b - a beast talisman
 c - a flux talisman
Potions
 a - a potion of lignification


   Skills:
 + Level 1.0 Fighting
 - Level 2.0 Dodging
 + Level 0.1 Stealth
 + Level 3.0 Unarmed Combat
 - Level 3.0 Shapeshifting


You couldn't memorise any spells.
You didn't know any spells.
Your spell library was empty.

Dungeon Overview and Level Annotations

Branches:
Dungeon (1/15)

Altars:


Innate Abilities, Weirdness & Mutations

You are a hulking beast.
Your limbs bulge with bestial killing power. (Slay +1)
You cannot wear most types of armour.
You are amphibious.
You can wear up to eight rings at the same time.
Your skin changes colour to match your surroundings (Stealth+).
Your rubbery body absorbs attacks. (AC +1, EV +1)
((You are camouflaged when in or above water. (Stealth+)))
You have tentacles for arms and can constrict up to eight enemies at once.


Message History

A bat is nearby!
The bat misses you. The bat hits you.
You tentacle-slap the bat. You grab the bat.
The bat is moderately wounded.
You constrict the bat. The bat closely misses you.
The bat escapes!
You closely miss the bat. You grab the bat.
Your tentacle-slap misses the bat.
The bat is severely wounded.
You constrict the bat.
You kill the bat!
No reachable target in view!
No reachable target in view!
A frilled lizard comes into view.
The frilled lizard hisses angrily.
A frilled lizard is nearby!
A frilled lizard is nearby!
A hobgoblin comes into view.
A ball python comes into view.
A goblin comes into view. It is wielding a +0 club.
The goblin shouts!
The hobgoblin shouts!
The ball python hisses angrily.
The goblin closely misses you. The frilled lizard misses you.
You tentacle-slap the frilled lizard but do no damage.
Your grab misses the frilled lizard. The goblin hits you with a +0 club.
The frilled lizard closely misses you.
You closely miss the frilled lizard. Your grab misses the frilled lizard.
Your squeeze misses the frilled lizard. The goblin misses you.
The frilled lizard bites you. The goblin attacks as it pursues you!
The goblin closely misses you. The goblin attacks as it pursues you!
The goblin closely misses you. The ball python bites you.
The ball python grabs you. The ball python constricts you.
Unknown command.
You tentacle-slap the goblin. Your grab misses the goblin.
The goblin is moderately wounded.
The goblin misses you. The ball python closely misses you.
The ball python constricts you.
You closely miss the goblin. You grab the goblin.
The goblin is moderately wounded.
You constrict the goblin. The goblin hits you with a +0 club.
* * * LOW HITPOINT WARNING * * *
The ball python bites you.
You die...

#..#####..#
#..#≈≈≈#..#
#..#≈≈≈#..#
#..#≈≈≈#..#
#..#≈≈≈#..#
#..#≈≈≈#..#
#..#≈≈≈#..#
#.)#≈≈S#.†#
#..#####h.#
#......Sgl#
#......g..#
####...####
#....#
#.....
#.#.###
#....
#.#.#.


You could see an electric eel, a hobgoblin, a goblin, a ball python and a
frilled lizard.

Vanquished Creatures
  A bat (D:1)
1 creature vanquished.

Notes
Turn   | Place    | Note
-------+----------+-------------------------------------------
     0 | D:1      | MacCMillion the Octopode Shapeshifter began the quest for
                  | the Orb.
     0 | D:1      | Reached XP level 1. HP: 13/13 MP: 1/1
     2 | D:1      | Noticed an electric eel
    25 | D:1      | Slain by a ball python

Illustrated notes

Levels and vault maps discovered:
D:1:      arrival_aquarium_a, layout_loops_ring,
          hangedman_abyss_or_decor_lesser_grid

Action                     || total
---------------------------++-------
  Melee: Unarmed           ||     6
         Constrict         ||     3
 Armour: Skin              ||     6
  Dodge: Dodged            ||    10

Table legend: (Time is in decaauts)
 A = Elapsed time spent in this place.
 B = Non-inter-level travel time spent in this place.
 C = Inter-level travel time spent in this place.
 D = Time resting spent in this place.
 E = Time spent auto-exploring this place.
 F = Levels seen in this place.
 G = Mean time per level.
                   A        B        C        D        E       F      G
               +--------+--------+--------+--------+--------+-----+--------+
         Total |     24 |     24 |      0 |      0 |      4 |   1 |   24.0 |
       Dungeon |     24 |     24 |      0 |      0 |      4 |   1 |   24.0 |
               +--------+--------+--------+--------+--------+-----+--------+

Top non-repeatable levels by time:
     D:1: 24 daAuts
